 Dungeon Crawl Stone Soup version 0.18-a0-1243-g9e52518 (webtiles) character file.

1944 Chiseanne the Skirmisher (level 8, -4/73 HPs)
             Began as a Centaur Air Elementalist on Feb 5, 2016.
             Was an Initiate of Vehumet.
             Slain by a two-headed ogre
             ... wielding a +0 giant club
              (16 damage)
             ... on level 6 of the Dungeon.
             The game lasted 00:22:17 (10476 turns).

Chiseanne the Skirmisher (CeAE)                    Turns: 10476, Time: 00:22:17

Health: -4/73      AC: 11    Str: 10    XL:     8   Next: 98%
Magic:  1/14       EV:  8    Int: 16    God:    Vehumet [......]
Gold:   351        SH:  0    Dex: 11    Spells: 3 memorised, 9 levels left

rFire  . . .     SeeInvis .     a - +0 rapier (curse)
rCold  . . .     Gourm    .     i - +1 ring mail of the Harp {+Blink}
rNeg   . . .     Faith    .     (no shield)
rPois  .         Spirit   .     (no helmet)
rElec  .         Dismiss  .     r - +0 cloak (curse)
rCorr  .         Reflect  .     (no gloves)
SustAt .         Harm     .     (no barding)
MR     .....                    (no amulet)
Stlth  ..........               (no ring)
                                o - +3 ring of protection

@: about to teleport, very slightly contaminated, repel missiles, very quick,
not resistant to hostile enchantments, extremely unstealthy
A: hooves 3, deformed body, speed 2, tough skin 3
a: Renounce Religion, Evoke Blink


You were on level 6 of the Dungeon.
You worshipped Vehumet.
Vehumet was noncommittal.
You were not hungry.

You visited 2 branches of the dungeon, and saw 7 of its levels.
You also visited: Sewer.

You collected 351 gold pieces.

Inventory:

Hand Weapons
 a - a cursed +0 rapier (weapon)
Missiles
 f - 17 poisoned arrows
 l - 13 sling bullets
 m - 99 arrows
 p - 77 bolts
 C - 13 arrows of frost
 G - 16 poisoned needles
Armour
 i - the +1 ring mail of the Harp (worn) {+Blink}
   (You found it on level 5 of the Dungeon)

   It lets you blink.
 r - a cursed +0 cloak (worn)
Jewellery
 o - a +3 ring of protection (left hand)
 B - a cursed -2 ring of slaying {unknown}
 H - an uncursed ring of positive energy {unknown}
Wands
 D - a wand of iceblast (10/15)
Scrolls
 e - a scroll of identify
 j - a scroll of immolation
 n - a scroll of amnesia
 A - a scroll of magic mapping
 F - a scroll of fog
 J - 3 scrolls of enchant armour
Potions
 q - a potion of magic
 s - a potion of cancellation {unknown}
 t - a potion of beneficial mutation {unknown}
 u - 2 potions of haste {unknown}
 v - a potion of lignification {unknown}
 w - 2 potions of resistance
 x - 3 potions of brilliance
 z - 3 potions of curing
 I - a potion of heal wounds {unknown}
Books
 b - a book of Air

   Spells                             Type                      Level
   a - Shock                          Conjuration/Air              1
   b - Swiftness                      Charms/Air                   2
   c - Repel Missiles                 Charms/Air                   2
   d - Static Discharge               Conjuration/Air              3
   e - Lightning Bolt                 Conjuration/Air              5
 d - a book of Changes

   Spells                             Type                      Level
   a - Beastly Appendage              Transmutation                1
   b - Sticks to Snakes               Transmutation                2
   c - Spider Form                    Transmutation/Poison         3
   d - Ice Form                       Ice/Transmutation            4
   e - Blade Hands                    Transmutation                5
 K - a book of the Tempests

   Spells                             Type                      Level
   a - Static Discharge               Conjuration/Air              3
   b - Lightning Bolt                 Conjuration/Air              5
   c - Fireball                       Conjuration/Fire             5
   d - Tornado                        Air                          9
   e - Shatter                        Earth                        9
Comestibles
 c - 4 bread rations
 g - 4 meat rations
 h - a beef jerky
 k - 6 chunks of flesh


   Skills:
 - Level 7.0 Fighting
 + Level 4.0 Armour
 - Level 1.3 Dodging
 - Level 1.2 Stealth
 - Level 4.3 Spellcasting
 - Level 3.3 Conjurations
 - Level 4.2 Air Magic


You had 9 spell levels left.
You knew the following spells:

 Your Spells              Type           Power        Failure   Level  Hunger
a - Shock                 Conj/Air       ###.         12%         1    None
b - Repel Missiles        Chrm/Air       ##....       28%         2    ##.....
c - Static Discharge      Conj/Air       ###.....     30%         3    ###....


Dungeon Overview and Level Annotations

Branches:
Dungeon (6/15)             Temple (1/1) D:5

Altars:
Ashenzari
Dithmenos
Elyvilon
Nemelex Xobeh
Pakellas
Qazlal
Ru
Sif Muna
Trog
Vehumet
Xom
Yredelemnul
Zin
The Shining One
Lugonu


Innate Abilities, Weirdness & Mutations

You have hooves in place of feet.
Armour fits poorly on your strangely shaped body.
You cover ground very quickly.
You have extremely tough skin (AC +3).


Message History

Press: ? - help, Shift-Dir - straight line, f/p - two-headed ogre
Aim: a two-headed ogre, wielding two giant clubs (almost dead)
The zap hits the two-headed ogre.
The two-headed ogre is almost dead.
The adder bites you but does no damage.
Drink which item? (? for menu, Esc to quit)
Okay, then.
Read which item? (? for menu, Esc to quit)
As you read the scroll of teleportation, it crumbles to dust.
You feel strangely unstable. The adder bites you.
* * * LOW HITPOINT WARNING * * *
You miss the adder. The adder closely misses you. x2
You hit the adder but do no damage. You kick the adder.
The adder is lightly wounded.
The adder barely misses you.
You barely miss the adder.
The adder is lightly wounded.
The adder bites you but does no damage. The adder barely misses you.
The two-headed ogre hits you with a giant club!
You die...

. ##.#.#
..##.#O######.#
.[............#
####...###########
............O....#
#####.(#########.#
##># #.# #.# #O#
#.# #@# #.# #S#
#.# #.# #.# #.#
#.# #.#########
#.........#
#########.#
########.#
#<......(#


You could see a two-headed ogre and an adder.

Vanquished Creatures
  Eustachio (D:4)
  A sky beast (D:4)
  6 ogres
  A necrophage (D:5)
  A phantom (D:5)
  2 centaurs
  Blork the orc (D:5)
  3 scorpions
  A crimson imp (D:5)
  A jelly (D:4)
  3 orc priests
  2 hounds
  Jessica (D:2)
  2 iguanas (D:4)
  Natasha (thrice) (D:4)
  4 worker ants
  9 adders
  A shadow imp (D:5)
  An ooze (D:3)
  An adder skeleton (D:4)
  An adder zombie (D:5)
  A worm (D:5)
  6 giant geckos
  10 orcs
  3 ball pythons
  8 giant cockroaches
  11 goblins
  10 hobgoblins
  4 jackals
  10 kobolds
  3 quokkas
  15 bats
  A giant cockroach zombie (D:6)
  A giant gecko zombie (D:5)
  3 giant newts
  10 rats
142 creatures vanquished.

Vanquished Creatures (others)
  An orc wizard (D:6)
  2 orcs (D:6)
3 creatures vanquished.

Grand Total: 145 creatures vanquished

Notes
Turn   | Place    | Note
--------------------------------------------------------------
     0 | D:1      | Chiseanne the Centaur Air Elementalist began the quest for the Orb.
     0 | D:1      | Reached XP level 1. HP: 14/14 MP: 3/3
    73 | D:1      | Reached skill level 1 in Fighting
   525 | D:1      | Reached XP level 2. HP: 21/24 MP: 4/4
  1492 | D:2      | Reached XP level 3. HP: 26/30 MP: 5/5
  1499 | D:2      | Learned a level 2 spell: Repel Missiles
  1630 | D:2      | Reached skill level 3 in Fighting
  2236 | D:2      | Found a glowing golden altar of the Shining One.
  2236 | D:2      | Found a glowing silver altar of Zin.
  2240 | D:2      | Found a white marble altar of Elyvilon.
  2493 | D:2      | Noticed Jessica
  2497 | D:2      | Killed Jessica
  2497 | D:2      | Reached skill level 4 in Fighting
  2497 | D:2      | Reached XP level 4. HP: 33/40 MP: 6/6
  3060 | D:3      | Reached XP level 5. HP: 17/47 MP: 2/7
  3233 | D:3      | Found a glowing drain.
  3237 | Sewer    | Entered a sewer
  3536 | Sewer    | Noticed namelastname112's ghost (amateur DrGl)
  3537 | Sewer    | Noticed a crocodile
  3670 | D:3      | Reached skill level 5 in Fighting
  4605 | D:4      | Noticed Eustachio
  4614 | D:4      | Killed Eustachio
  4614 | D:4      | Reached skill level 6 in Fighting
  4614 | D:4      | Reached XP level 6. HP: 45/58 MP: 6/8
  4748 | D:4      | Found a deep blue altar of Sif Muna.
  5162 | D:4      | Noticed Natasha
  5184 | D:4      | Killed Natasha
  5184 | D:4      | Reached skill level 7 in Fighting
  5192 | D:4      | Learned a level 3 spell: Static Discharge
  5356 | D:4      | Reached skill level 1 in Conjurations
  5723 | D:5      | Entered Level 5 of the Dungeon
  5974 | D:5      | Noticed a sky beast
  6022 | D:4      | Killed a sky beast
  6022 | D:4      | Reached XP level 7. HP: 23/66 MP: 8/10
  6264 | D:4      | Noticed Natasha
  6284 | D:4      | Killed Natasha
  6342 | D:4      | Noticed Natasha
  6364 | D:4      | Killed Natasha
  7664 | D:4      | Reached XP level 8. HP: 58/73 MP: 2/13
  8052 | D:5      | Noticed Blork the orc
  8361 | D:5      | Killed Blork the orc
  8601 | D:5      | Found a stormy altar of Qazlal.
  8636 | D:5      | Got a faintly humming ring mail
  8825 | D:5      | Found a shimmering altar of Xom.
  8849 | D:5      | Found a radiant altar of Vehumet.
  8879 | D:5      | Found a staircase to the Ecumenical Temple.
  8889 | Temple   | Entered the Ecumenical Temple
  8963 | D:5      | Identified the +1 ring mail of the Harp {+Blink} (You found it on level 5 of the Dungeon)
  9054 | D:5      | Reached skill level 1 in Armour
  9500 | D:5      | Became a worshipper of Vehumet
  9879 | D:6      | Noticed a two-headed ogre
 10476 | D:6      | Slain by a two-headed ogre

Vault maps used:
D:1:      minmay_arrival_cross, st_stairs_4
D:2:      good_gods_temple_1, uniq_jessica
D:3:      gup_sewer_entry_bowl, nrook_loot_triangle, lemuel_another_geyser
D:4:      old_standard_altar, first_bread, uniq_natasha, uniq_eustachio
D:5:      nicolae_overflow_crystal_walls, xom_teletrap_fun, old_standard_altar,
          temple_hall, corexii_corridor_pit, minmay_ogre_servants,
          uniq_blork_the_orc
D:6:      lemuel_flamethrower_2
Temple:   corrupted_temple
Sewer:    sewer_big_baddie

Action                   |  1- 3 |  4- 6 |  7- 9 || total
-------------------------+-------+-------+-------++-------
Melee: Dagger            |    27 |       |       ||    27
       Short sword       |    90 |       |       ||    90
       Spear             |    23 |   174 |       ||   197
       Rapier            |       |    42 |   205 ||   247
 Cast: Shock             |    16 |    66 |   140 ||   222
       Repel Missiles    |     1 |       |     1 ||     2
       Static Discharge  |       |       |    34 ||    34
Evoke: Wand              |       |     4 |       ||     4
  Use: Scroll            |     8 |     9 |     3 ||    20
       Potion            |       |     1 |     2 ||     3
 Stab: Sleeping          |       |     1 |       ||     1
  Eat: Chunk             |     4 |    11 |    15 ||    30
       Fruit             |       |       |     3 ||     3
       Beef jerky        |       |       |     1 ||     1
